 Dungeon Crawl Stone Soup version 0.21.1-1-g345015f (webtiles) character file.

353 tidbits the Grave Robber (level 6, 24/44 HPs)
             Began as a Gnoll Necromancer on June 15, 2018.
             Quit the game on level 7 of the Dungeon.
             The game lasted 00:12:23 (1050 turns).

tidbits the Grave Robber (Gnoll Necromancer)        Turns: 1050, Time: 00:12:24

Health: 24/44      AC:  7    Str: 11    XL:     6   Next: 62%
Magic:  12/14      EV: 15    Int: 19    God:
Gold:   78         SH:  0    Dex: 15    Spells: 7/15 levels left

rFire    . . .     SeeInvis .   a - +0 dagger
rCold    + . .     Gourm    .   (no shield)
rNeg     . . .     Faith    .   B - +2 robe {rC+}
rPois    .         Spirit   .   E - +0 helmet
rElec    .         Reflect  .   (no cloak)
rCorr    .         Harm     .   G - +0 pair of gloves
MR       +....                  F - +0 pair of boots
Stlth    +++.......             (no amulet)
HPRegen  0.14/turn              d - ring of protection from magic
MPRegen  0.14/turn              (no ring)

@: no status effects
A: distributed training, fangs 1, strong nose
a: no special abilities


You were on level 7 of the Dungeon.
You were hungry.

You visited 2 branches of the dungeon, and saw 8 of its levels.

You collected 78 gold pieces.

Inventory:

Hand Weapons
 a - a +0 dagger (weapon)
 k - a +0 spear
 l - a +0 short sword
 n - a +0 war axe
Missiles
 f - 2 stones
 i - 22 sling bullets
 q - 7 tomahawks (quivered)
Armour
 e - a +0 robe
 B - a +2 robe of cold resistance (worn)
   (You found it on level 5 of the Dungeon)
 E - a +0 helmet (worn)
 F - a +0 pair of boots (worn)
 G - a +0 pair of gloves (worn)
Jewellery
 d - a ring of protection from magic (left hand)
   (You found it on level 1 of the Dungeon)
Scrolls
 g - a scroll of enchant weapon {unknown}
 m - a scroll of magic mapping
 o - a scroll of teleportation {unknown}
 p - a scroll of fear
 s - a scroll of identify {unknown}
Potions
 h - 3 potions of flight
 j - 2 potions of brilliance
 r - a potion of heal wounds {unknown}
Books
 b - a book of Necromancy

   Spells                             Type                      Level
   a - Pain                           Necromancy                   1
   b - Animate Skeleton               Necromancy                   1
   c - Vampiric Draining              Necromancy                   3
   d - Regeneration                   Charms/Necromancy            3
   e - Animate Dead                   Necromancy                   4
   f - Borgnjor's Vile Clutch         Necromancy/Earth             5
Comestibles
 c - 3 rations


   Skills:
 + Level 2.0 Fighting
 + Level 2.0 Short Blades
 + Level 2.0 Long Blades
 + Level 2.0 Axes
 + Level 2.0 Maces & Flails
 + Level 2.0 Polearms
 + Level 2.0 Staves
 + Level 2.0 Slings
 + Level 2.0 Bows
 + Level 2.0 Crossbows
 + Level 2.0 Throwing
 + Level 2.0 Armour
 + Level 5.0 Dodging
 + Level 4.6 Stealth
 + Level 2.0 Shields
 + Level 2.0 Unarmed Combat
 + Level 5.4 Spellcasting
 + Level 1.5 Conjurations
 + Level 1.5 Hexes
 + Level 1.5 Charms
 + Level 1.5 Summonings
 + Level 7.3 Necromancy
 + Level 1.5 Translocations
 + Level 1.5 Transmutations
 + Level 1.5 Fire Magic
 + Level 1.5 Ice Magic
 + Level 1.5 Air Magic
 + Level 1.5 Earth Magic
 + Level 1.5 Poison Magic
 + Level 2.2 Invocations
 + Level 2.0 Evocations


You had 7 spell levels left.
You knew the following spells:

 Your Spells              Type           Power        Failure   Level  Hunger
a - Pain                  Necr           ####         1%          1    None
d - Vampiric Draining     Necr           ####......   1%          3    ##.....
n - Animate Skeleton      Necr           N/A          1%          1    None
r - Regeneration          Chrm/Necr      ###.......   6%          3    ##.....


Dungeon Overview and Level Annotations

Branches:
Dungeon (7/15)             Temple (1/1) D:6

Altars:
Ashenzari
Dithmenos
Elyvilon
Fedhas
Gozag
Hepliaklqana
Kikubaaqudgha
Makhleb
Nemelex Xobeh
Okawaru
Qazlal
Sif Muna
Uskayaw
Vehumet
Xom
Zin


Innate Abilities, Weirdness & Mutations

Your experience applies equally to all skills.
You have very sharp teeth.
Your uncanny sense of smell can sniff out nearby items.


Message History

The bullfrog hits you but does no damage. x2
Casting: Regeneration
Confirm with . or Enter, or press ? or * to list all spells.
Aiming: Pain
Press: ? - help, Shift-Dir - straight line, f - bullfrog
Aim: a bullfrog (chance to defeat MR: 84%)
The bullfrog writhes in agony!
The bullfrog closely misses you.
Casting: Pain
Confirm with . or Enter, or press ? or * to list all spells.
Aiming: Pain
Press: ? - help, Shift-Dir - straight line, f/p - bullfrog
Aim: a bullfrog (moderately wounded, chance to defeat MR: 84%)
The bullfrog barely resists.
The bullfrog barely misses you.
The bullfrog hits you but does no damage.
Casting: Pain
Confirm with . or Enter, or press ? or * to list all spells.
Aiming: Pain
Press: ? - help, Shift-Dir - straight line, f/p - bullfrog
Aim: a bullfrog (moderately wounded, chance to defeat MR: 84%)
The bullfrog barely resists.
The bullfrog hits you.
Casting: Pain
Confirm with . or Enter, or press ? or * to list all spells.
Aiming: Pain
Press: ? - help, Shift-Dir - straight line, f/p - bullfrog
Aim: a bullfrog (moderately wounded, chance to defeat MR: 84%)
The bullfrog writhes in agony!
The bullfrog misses you.
The crimson imp shouts, "Begone, thou infectious clapper-clawed efter!"
The crimson imp hits you. The bullfrog completely misses you.
Casting: Pain
Confirm with . or Enter, or press ? or * to list all spells.
Aiming: Pain
Press: ? - help, Shift-Dir - straight line, f/p - bullfrog
Aim: a bullfrog (moderately wounded, chance to defeat MR: 84%)
The bullfrog writhes in agony!
The crimson imp hits you but does no damage.
The bullfrog hits you.
Casting: Pain
Confirm with . or Enter, or press ? or * to list all spells.
Aiming: Vampiric Draining
Press: ? - help, Shift-Dir - straight line, f/p - bullfrog
Aim: a bullfrog (heavily wounded)
The bullfrog is almost dead.
You feel life coursing into your body. The bullfrog completely misses you.
The crimson imp hits you but does no damage.
The bullfrog hits you.
You completely miss the bullfrog. You punch the bullfrog.
The bullfrog is almost dead.
The crimson imp misses you. The bullfrog hits you.
You barely miss the bullfrog.
The bullfrog is almost dead.
The bullfrog hits you. The crimson imp completely misses you.
The bullfrog completely misses you.
You closely miss the bullfrog.
The bullfrog is almost dead.
The crimson imp closely misses you. The bullfrog hits you.
* * * LOW HITPOINT WARNING * * *
Casting: Vampiric Draining
Confirm with . or Enter, or press ? or * to list all spells.
Aiming: Pain
Press: ? - help, Shift-Dir - straight line, f/p - bullfrog
Aim: a bullfrog (almost dead, chance to defeat MR: 84%)
The bullfrog writhes in agony!
You kill the bullfrog!
Your Fighting skill increases to level 2!
Your Short Blades skill increases to level 2!
Your Long Blades skill increases to level 2!
Your Axes skill increases to level 2!
Your Maces & Flails skill increases to level 2!
Your Polearms skill increases to level 2!
Your Staves skill increases to level 2!
Your Slings skill increases to level 2!
Your Bows skill increases to level 2!
Your Crossbows skill increases to level 2!
Your Throwing skill increases to level 2!
Your Armour skill increases to level 2!
Your Dodging skill increases to level 5!
Your Shields skill increases to level 2!
Your Unarmed Combat skill increases to level 2!
Your Evocations skill increases to level 2!
The crimson imp puffs mist at you. The crimson imp misses you.
You see here a scroll labeled COSIAN OGUCS.
s - a scroll labeled COSIAN OGUCS The crimson imp blinks!
The crimson imp blinks!
The crimson imp blinks!
Found 22 gold pieces.
A crimson imp comes into view.
The crimson imp shouts!
Found an escape hatch in the floor.
The crimson imp barely misses you.
The crimson imp blinks!
Found 12 gold pieces.
There is an escape hatch in the floor here.
The crimson imp blinks!
You slide downwards.
The hatch slams shut behind you. 2 hounds and 4 orcs come into view.
The orc shouts! x2; The hound barks! x2; You hear a loud, deep croak!
The orc shouts!
Unknown command.
Are you sure you want to abandon this character and quit the game? (Confirm with "yes".)

. ∆ ∆ .# # #
#. #.##
.###o..
....ooh#####
.....o.@h..#
#####.####.#
# ### .. .#
.## ..#


You could see 2 hounds and 4 orcs.

Vanquished Creatures
  Duvessa (D:5)
  A bullfrog (D:6)
  Dowan (D:5)
  2 worker ants
  4 adders
  An ooze (D:1)
  A dart slug (D:1)
  2 leopard geckos
  8 orcs
  A goblin (D:1)
  A hobgoblin (D:2)
  6 jackals
  5 kobolds
  A quokka (D:2)
  A bat (D:2)
  4 frilled lizards
  A rat (D:3)
41 creatures vanquished.

Notes
Turn   | Place    | Note
-------+----------+-------------------------------------------
     0 | D:1      | tidbits the Gnoll Necromancer began the quest for the Orb.
     0 | D:1      | Reached XP level 1. HP: 13/13 MP: 6/6
    64 | D:1      | Reached XP level 2. HP: 14/20 MP: 3/7
    67 | D:1      | Learned a level 1 spell: Animate Skeleton
   182 | D:2      | Reached XP level 3. HP: 15/25 MP: 0/9
   222 | D:2      | Learned a level 3 spell: Regeneration
   227 | D:2      | Learned a level 3 spell: Vampiric Draining
   250 | D:2      | Reached skill level 5 in Spellcasting
   284 | D:2      | Reached skill level 1 in Invocations
   322 | D:2      | Reached skill level 1 in Fighting
   322 | D:2      | Reached skill level 1 in Short Blades
   322 | D:2      | Reached skill level 1 in Long Blades
   322 | D:2      | Reached skill level 1 in Axes
   322 | D:2      | Reached skill level 1 in Maces & Flails
   322 | D:2      | Reached skill level 1 in Polearms
   322 | D:2      | Reached skill level 1 in Staves
   322 | D:2      | Reached skill level 1 in Slings
   322 | D:2      | Reached skill level 1 in Bows
   322 | D:2      | Reached skill level 1 in Crossbows
   322 | D:2      | Reached skill level 1 in Throwing
   322 | D:2      | Reached skill level 1 in Armour
   322 | D:2      | Reached skill level 1 in Shields
   322 | D:2      | Reached skill level 1 in Unarmed Combat
   322 | D:2      | Reached skill level 1 in Evocations
   322 | D:2      | Reached XP level 4. HP: 25/32 MP: 4/11
   527 | D:4      | Noticed a slave
   551 | D:5      | Entered Level 5 of the Dungeon
   555 | D:4      | Reached skill level 1 in Conjurations
   555 | D:4      | Reached skill level 1 in Hexes
   555 | D:4      | Reached skill level 1 in Charms
   555 | D:4      | Reached skill level 1 in Summonings
   555 | D:4      | Reached skill level 1 in Translocations
   555 | D:4      | Reached skill level 1 in Transmutations
   555 | D:4      | Reached skill level 1 in Fire Magic
   555 | D:4      | Reached skill level 1 in Ice Magic
   555 | D:4      | Reached skill level 1 in Air Magic
   555 | D:4      | Reached skill level 1 in Earth Magic
   555 | D:4      | Reached skill level 1 in Poison Magic
   575 | D:5      | Noticed Duvessa
   575 | D:5      | Noticed Dowan
   579 | D:5      | Killed Duvessa
   579 | D:5      | Reached XP level 5. HP: 14/37 MP: 2/12
   587 | D:5      | Killed Dowan
   587 | D:5      | Reached skill level 2 in Invocations
   587 | D:5      | Reached XP level 6. HP: 16/44 MP: 6/13
   718 | D:6      | Found a burning altar of Makhleb.
   873 | D:6      | Found a staircase to the Ecumenical Temple.
   882 | Temple   | Entered the Ecumenical Temple
  1008 | D:6      | Reached skill level 2 in Fighting
  1008 | D:6      | Reached skill level 2 in Short Blades
  1008 | D:6      | Reached skill level 2 in Long Blades
  1008 | D:6      | Reached skill level 2 in Axes
  1008 | D:6      | Reached skill level 2 in Maces & Flails
  1008 | D:6      | Reached skill level 2 in Polearms
  1008 | D:6      | Reached skill level 2 in Staves
  1008 | D:6      | Reached skill level 2 in Slings
  1008 | D:6      | Reached skill level 2 in Bows
  1008 | D:6      | Reached skill level 2 in Crossbows
  1008 | D:6      | Reached skill level 2 in Throwing
  1008 | D:6      | Reached skill level 2 in Armour
  1008 | D:6      | Reached skill level 5 in Dodging
  1008 | D:6      | Reached skill level 2 in Shields
  1008 | D:6      | Reached skill level 2 in Unarmed Combat
  1008 | D:6      | Reached skill level 2 in Evocations
  1050 | D:7      | Quit the game

Skill      XL: |  1  2  3  4  5  6 |
---------------+-------------------+-----
Spellcasting   | 5 |  5.4
Invocations    | 1 2 |  2.2
Fighting       | 1 2 |  2.0
Short Blades   | 1 2 |  2.0
Long Blades    | 1 2 |  2.0
Axes           | 1 2 |  2.0
Maces & Flails | 1 2 |  2.0
Polearms       | 1 2 |  2.0
Staves         | 1 2 |  2.0
Slings         | 1 2 |  2.0
Bows           | 1 2 |  2.0
Crossbows      | 1 2 |  2.0
Throwing       | 1 2 |  2.0
Armour         | 1 2 |  2.0
Shields        | 1 2 |  2.0
Unarmed Combat | 1 2 |  2.0
Evocations     | 1 2 |  2.0
Conjurations   | 1 |  1.5
Hexes          | 1 |  1.5
Charms         | 1 |  1.5
Summonings     | 1 |  1.5
Translocations | 1 |  1.5
Transmutations | 1 |  1.5
Fire Magic     | 1 |  1.5
Ice Magic      | 1 |  1.5
Air Magic      | 1 |  1.5
Earth Magic    | 1 |  1.5
Poison Magic   | 1 |  1.5
Dodging        | 5 |  5.0
Stealth        | |  4.6
Necromancy     | |  7.3

Action                   |  1- 3 |  4- 6 || total
-------------------------+-------+-------++-------
Melee: Dagger            |     5 |     7 ||    12
       Punch             |       |     1 ||     1
Throw: Tomahawk          |       |     1 ||     1
 Cast: Pain              |    22 |    47 ||    69
       Regeneration      |     1 |     3 ||     4
       Vampiric Draining |       |     4 ||     4
  Use: Potion            |     1 |     4 ||     5
       Scroll            |       |     3 ||     3
 Stab: Sleeping          |     3 |     3 ||     6
       Invisible         |     1 |       ||     1
Armor: Robe              |       |    11 ||    11
Dodge: Dodged            |     4 |    22 ||    26

Table legend:
 A = Turns spent in this place as a percentage of turns spent in the entire game.
 B = Non-inter-level travel turns spent in this place as a percentage of non-inter-level travel turns spent in the entire game.
 C = Inter-level travel turns spent in this place as a percentage of turns spent in this place.
 D = Turns resting spent in this place as a percentage of non-inter-level travel turns spent in this place.
 E = Turns spent auto-exploring this place as a percentage of non-inter-level travel turns spent in this place.
 F = Non-inter-level travel turns spent in this place divided by the number of levels of this place that you've seen.
                   A       B       C       D       E      F
               +-------+-------+-------+-------+-------+----------------------
         Total | 100.0 | 100.0 |   1.2 |   0.0 |   0.0 | 129.6
       Dungeon |  89.2 |  90.4 |   0.0 |   0.0 |   0.0 | 133.9
        Temple |  10.8 |   9.6 |  11.5 |   0.0 |   0.0 | 100.0
               +-------+-------+-------+-------+-------+----------------------

Table legend:
 A = Kills in this place as a percentage of kills in entire the game.
 B = Kills by you in this place as a percentage of kills by you in the entire game.
 C = Kills by friends in this place as a percentage of kills by friends in the entire game.
 D = Other kills in this place as a percentage of other kills in the entire game.
 E = Experience gained in this place as a percentage of experience gained in the entire game.
 F = Experience gained in this place divided by the number of levels of this place that you have seen.
                   A       B       C       D       E      F
               +-------+-------+-------+-------+-------+----------------------
         Total | 100.0 | 100.0 |   N/A |   N/A | 100.0 |  63.1
       Dungeon | 100.0 | 100.0 |   N/A |   N/A | 100.0 |  72.1
               +-------+-------+-------+-------+-------+----------------------

Vault maps used:
D:1:      dpeg_arrival_three_smaller_balls
D:2:      minmay_distorted
D:3:      cheibrodos_pilgrimage, first_ration, uniq_crazy_yiuf_cottage,
          uniq_grinder, uniq_natasha
D:4:      kennysheep_mini_moat, nicolae_ru_the_path_less_chosen, uniq_pikel,
          uniq_sigmund
D:5:      nicolae_overflow_crystal_walls, minmay_curled_crystal,
          hangedman_feature_mirror, uniq_duvessa
D:6:      nicolae_whirlpool, lemuel_doored_altar, minmay_temple_entry_grid
D:7:      slow_altar_2, tso_metal_star, basic_altar
Temple:   regret_index_temple_generic_petals
